 Dungeon Crawl Stone Soup version 0.31.0-12-g77e489cdc1 (webtiles) character file.

Game seed: 3378921525787304553

4410 Stomo444 the Basher (level 10, -4/82 HPs)
             Began as a Vine Stalker Berserker on Feb 28, 2024.
             Was an Elder of Trog.
             Slain by Erica
             ... wielding a +3 scimitar of flaming
              (8 damage)
             ... on level 9 of the Dungeon.
             The game lasted 00:16:30 (6863 turns).

Stomo444 the Basher (Vine Stalker Berserker)        Turns: 6863, Time: 00:16:30

Health: -4/82      AC: 10    Str: 25    XL:     10   Next: 36%
Magic:  0/11       EV: 16    Int:  7    God:    Trog [****..]
Gold:   583        SH:  0    Dex: 13    Spells: 9/9 levels left

rFire   . . .        G - +1 whip (vamp)
rCold   . . .        (no shield)
rNeg    + . .        r - +3 leather armour {rN+}
rPois   .            (no helmet)
rElec   .            (no cloak)
rCorr   .            (no gloves)
SInv    .            (no boots)
Will    ++++.        (no amulet) Stlth
                     i - +5 ring of evasion
HPRegen 2.13/turn    m - +4 ring of protection
MPRegen 0.12/turn

%: guardian spirit
@: berserking, strong-willed, enlightened, flying, regenerating, constricted,
studying Maces & Flails, very quick
A: fangs 3, regeneration 1, magic shield, antimagic bite, no potion heal 2
a: Renounce Religion, Berserk, Trog's Hand, Brothers in Arms


You were on level 9 of the Dungeon.
You worshipped Trog.
Trog was greatly pleased with you.
You visited 1 branch of the dungeon, and saw 9 of its levels.

You collected 583 gold pieces.

Inventory:

Hand Weapons
 a - a +1 mace
 f - a +2 heavy flail
 C - a +2 heavy flail
 G - a +1 vampiric whip (weapon)
Armour
 b - a +0 animal skin
 r - a +3 leather armour of positive energy (worn)
Jewellery
 i - a +5 ring of evasion (left hand)
 m - a +4 ring of protection (right hand)
 q - a ring of fire
 y - a +6 ring of dexterity
 D - a ring of protection from cold
 H - a ring of wizardry
 I - a +4 ring of protection
 J - a ring of ice
Talismans
 g - a flux talisman
 o - a maw talisman
 B - a blade talisman
Wands
 j - a wand of flame (26)
 u - a wand of polymorph (7)
 A - a wand of quicksilver (13)
Scrolls
 k - 3 scrolls of teleportation
 v - 2 scrolls of immolation
 w - 2 scrolls of identify
 z - a scroll of poison
Potions
 c - 3 potions of resistance
 d - 2 potions of might
 e - a potion of degeneration
 h - 3 potions of cancellation
 l - a potion of brilliance
 n - 4 potions of attraction
 p - a potion of haste {unknown}
 s - 4 potions of curing
 t - a potion of enlightenment
 x - a potion of berserk rage {unknown}
 E - a potion of heal wounds {unknown}
 F - a potion of mutation {unknown}


   Skills:
 + Level 7.3 Fighting
 + Level 8.7 Maces & Flails
 + Level 6.4 Armour
 + Level 6.4 Dodging
 - Level 0.3 Shapeshifting


You had 9 spell levels left.
You didn't know any spells.
Your spell library was empty.

Dungeon Overview and Level Annotations

Branches:
Dungeon (9/15)             Temple (0/1) D:5
   Lair: D:8-11         Orc: D:9-12

Altars:
Ashenzari
Dithmenos
Hepliaklqana
Kikubaaqudgha
Nemelex Xobeh
Sif Muna
Vehumet
Wu Jian
Xom

Annotations:
D:5 3 runed translucent doors, Greyr's ghost, novice SpBe
D:9 Erica


Innate Abilities, Weirdness & Mutations

You have razor-sharp teeth.
Your natural rate of healing is unusually fast.
When hurt, damage is shared between your health and your magic reserves.
Your bite disrupts and absorbs the magic of your enemies.
Potions cannot restore your health.


Message History

Something hits you. Something burns you.
You are constricted.
Unknown command.
You feel a sense of dread.
G - a +1 vampiric whip (weapon)
Something hits you. Something burns you.
You are constricted.
You miss something. Your bite misses something. You closely miss something.
Your bite misses something. Something hits you! Something burns you.
You are constricted.
You miss something. Something hits you! Something burns you.
* * * LOW HITPOINT WARNING * * *
You are constricted.
* * * LOW HITPOINT WARNING * * *
Your skin crawls.
You feel strong-willed.
You hear some strange, mumbled words.
A bolt of poison appears from out of thin air!
The bolt of poison misses you.
You are constricted.
* * * LOW HITPOINT WARNING * * *
Okay, then.
Okay, then.
You feel very buoyant.
You fly up into the air.
Something hits you.
* * * LOW HITPOINT WARNING * * *
Something burns you.
* * * LOW HITPOINT WARNING * * *
You are constricted.
* * * LOW HITPOINT WARNING * * *
A red film seems to cover your vision as you go berserk!
You feel yourself moving faster!
You feel mighty! Something hits you but does no damage.
You are constricted.
You closely miss something. You whack something! Something hits you!
* * * LOW HITPOINT WARNING * * *
Something burns you.
* * * LOW HITPOINT WARNING * * *
You are constricted.
You completely miss something. You bite something. You drain its magic.
You feel invigorated.
You miss something. Something hits you!
You die...

### ########## # ..#
#.......... #. #.#
#.......... #.####.#
#..........
..##....#.####..........
.............'.....[>...
..........##.#..........
.######<####.#..........
### #.#..@.......
#.#...{......
#+#..........
....####.### .....# #
.......# ........
#......


There were no monsters in sight!

Vanquished Creatures
  Jeremiah (D:7)
  Sigmund (D:2)
  A wyvern (D:9)
  A wraith (D:8)
  A steam dragon (D:6)
  A water moccasin (D:8)
  An orc warrior (D:8)
  2 sky beasts
  2 black bears
  2 ogres
  3 centaurs
  A phantom (D:6)
  2 bullfrogs
  6 kobold brigands
  A gnoll sergeant (D:4)
  3 scorpions (D:5)
  9 wights (D:6)
  3 killer bees (D:8)
  A howler monkey (D:4)
  2 bombardier beetles
  A quasit (D:8)
  5 jellies
  A hound (D:6)
  2 orc priests (D:7)
  A gnoll bouda (D:7)
  5 iguanas
  A sleepcap (D:6)
  7 orc wizards
  15 gnolls
  3 adders
  3 shadow imps (D:8)
  5 white imps
  5 ufetubi
  14 dart slugs
  21 orcs
  5 bats
  5 endoplasms
  4 giant cockroaches
  5 goblins
  6 hobgoblins
  3 jackals (D:1)
  27 kobolds
  7 quokkas
  5 ball pythons
  2 frilled lizards (D:3)
  7 rats
209 creatures vanquished.

Vanquished Creatures (others)
  An ufetubus (D:8)
1 creature vanquished.

Grand Total: 210 creatures vanquished

Notes
Turn   | Place    | Note
-------+----------+-------------------------------------------
     0 | D:1      | Stomo444 the Vine Stalker Berserker began the quest for the
                  | Orb.
     0 | D:1      | Reached XP level 1. HP: 11/11 MP: 2/2
   123 | D:1      | Reached XP level 2. HP: 16/16 MP: 3/3
   160 | D:1      | Found a faded altar of an unknown god.
   669 | D:1      | Reached skill level 3 in Maces & Flails
   710 | D:2      | Reached XP level 3. HP: 20/20 MP: 2/4
   834 | D:2      | Noticed Sigmund
   841 | D:2      | Killed Sigmund
   842 | D:2      | Reached XP level 4. HP: 25/25 MP: 5/5
   842 | D:2      | Reached XP level 5. HP: 28/28 MP: 6/6
  1053 | D:2      | Reached XP level 6. HP: 33/33 MP: 5/7
  1055 | D:2      | Reached ** piety under Trog
  1807 | D:3      | Found a radiant altar of Vehumet.
  1946 | D:3      | Found a hazy altar of Hepliaklqana.
  1962 | D:3      | Found a shadowy altar of Dithmenos.
  2216 | D:3      | Found a broken altar of Ashenzari.
  2921 | D:4      | Reached skill level 4 in Maces & Flails
  3053 | D:4      | Noticed a black bear
  3065 | D:4      | Killed a black bear
  3066 | D:4      | Reached XP level 7. HP: 37/37 MP: 8/8
  3208 | D:4      | Found a shimmering blue altar of Sif Muna.
  3428 | D:5      | Entered Level 5 of the Dungeon
  3728 | D:5      | Found a runed translucent gate.
  3731 | D:5      | Noticed Greyr's ghost (novice SpBe)
  3734 | D:5      | Found a runed translucent gate.
  3735 | D:5      | Found a runed translucent gate.
  3840 | D:5      | Gained mutation: You have razor-sharp teeth. [Vine Stalker
                  | growth]
  3840 | D:5      | Reached XP level 8. HP: 37/42 MP: 9/9
  3840 | D:5      | Reached *** piety under Trog
  3851 | D:5      | Found a staircase to the Ecumenical Temple.
  3892 | D:5      | Reached skill level 5 in Fighting
  3892 | D:5      | Reached skill level 5 in Maces & Flails
  4456 | D:6      | Found an ornate altar of the Wu Jian Council.
  4601 | D:6      | Identified a scroll of acquirement
  4601 | D:6      | Acquired a manual of Maces & Flails
  4638 | D:6      | Reached XP level 9. HP: 48/48 MP: 10/10
  4727 | D:6      | Reached skill level 6 in Maces & Flails
  4727 | D:6      | Reached skill level 5 in Armour
  4727 | D:6      | Reached skill level 5 in Dodging
  4849 | D:6      | Found a sparkling altar of Nemelex Xobeh.
  5471 | D:7      | Found a shimmering altar of Xom.
  5596 | D:7      | Found an ancient bone altar of Kikubaaqudgha.
  5616 | D:7      | Reached skill level 7 in Maces & Flails
  5882 | D:7      | Noticed Jeremiah
  5899 | D:7      | Killed Jeremiah
  6222 | D:8      | Reached XP level 10. HP: 53/53 MP: 9/11
  6272 | D:8      | Reached skill level 8 in Maces & Flails
  6401 | D:8      | Reached **** piety under Trog
  6845 | D:9      | Noticed Erica
  6861 | D:9      | HP: 2/82 [something (3)]
  6863 | D:9      | Slain by Erica

Illustrated notes

Levels and vault maps discovered:
D:1:      dreamdust_arrival_sigmund_warning, layout_loops_cross,
          shapermc_ecumenical_altar_starsandcircs
D:2:      layout_basic, uniq_sigmund
D:3:      layout_basic, mainiacjoe_overflow_24_doors, mainiacjoe_overflow_paths,
          nicolae_vehumet_radiance, amcnicky_altar_gilded,
          minmay_randomly_rotated_circles
D:4:      layout_basic, general_overflow_altar
D:5:      kennysheep_slugbush, layout_loops_ring,
          minmay_temple_entry_large_hall, gammafunk_ghost_necromancy,
          chequers_serial_rivers_small_3
D:6:      layout_cave_pods, lemuel_round_altar,
          mainiacjoe_overflow_six_doors_small
D:7:      layout_loops_corners, mainiacjoe_overflow_alcove_1,
          overflow_temple_1_default, uniq_jeremiah
D:8:      layout_basic, serial_demonic, serial_demonic_f, serial_demonic_b,
          serial_demonic_d, serial_demonic_g, serial_demonic_d,
          hangedman_abyss_or_decor_stabs
D:9:      layout_basic, uniq_erica

Skill      XL: |  1  2  3  4  5  6  7  8  9 10 |
---------------+-------------------------------+-----
Maces & Flails | 3 4 5 7 8 |  8.7
Fighting       | 3 4 5 6 7 |  7.3
Armour         | 2 3 4 6 |  6.4
Dodging        | 2 3 4 5 6 |  6.4
Shapeshifting  | |  0.3

Action                     |  1- 3 |  4- 6 |  7- 9 | 10-12 || total
---------------------------+-------+-------+-------+-------++-------
  Melee: Mace              |    77 |    37 |       |       ||   114
         Bite              |    14 |    22 |    67 |    17 ||   120
         Punch             |     1 |     1 |     4 |       ||     6
         Flail             |       |    75 |   220 |    73 ||   368
         Whip              |       |       |    35 |     7 ||    42
 Invoke: Berserk           |     1 |     4 |     8 |     2 ||    15
         Trog's Hand       |       |       |     2 |     2 ||     4
    Use: Scroll            |       |     5 |    15 |       ||    20
         Potion            |       |       |       |     1 ||     1
   Stab: Sleeping          |     2 |     1 |       |       ||     3
         Distracted        |       |       |     1 |       ||     1
 Armour: Animal skin       |    49 |    35 |       |       ||    84
         Leather armour    |       |    16 |   199 |    74 ||   289
  Dodge: Dodged            |    65 |   132 |   374 |   131 ||   702
